 Dungeon Crawl Stone Soup version 0.21.0-24-g2553a33 (webtiles) character file.

66 tidbits the Grave Robber (level 4, -3/32 HPs)
             Began as a Gnoll Necromancer on Jan 20, 2018.
             Was an Initiate of Cheibriados.
             Slain by an iguana (13 damage)
             ... on level 4 of the Dungeon.
             The game lasted 00:06:30 (652 turns).

tidbits the Grave Robber (Gnoll Necromancer)         Turns: 652, Time: 00:06:31

Health: -3/32      AC:  2    Str: 11    XL:     4   Next: 15%
Magic:  18/20      EV: 15    Int: 19    God:    Cheibriados [......]
Gold:   125        SH:  0    Dex: 21    Spells: 6/13 levels left

rFire    . . .     SeeInvis .   a - +2 dagger (venom)
rCold    . . .     Gourm    +   (no shield)
rNeg     . . .     Faith    .   g - +0 robe
rPois    .         Spirit   .   (no helmet)
rElec    .         Reflect  .   (no cloak)
rCorr    .         Harm     .   (no gloves)
MR       .....                  (no boots)
Stlth    ++++......             j - amulet "Todeh" {Gourm MP+9 Dex+4 Stlth+}
HPRegen  1.10/turn              (no ring)
MPRegen  0.17/turn              (no ring)

@: regenerating (expiring), very slow
A: distributed training, fangs 1, strong nose
a: Bend Time, Renounce Religion


You were on level 4 of the Dungeon.
You worshipped Cheibriados.
Cheibriados was noncommittal.
You were not hungry.

You visited 1 branch of the dungeon, and saw 5 of its levels.

You collected 125 gold pieces.

Inventory:

Hand Weapons
 a - a +2 dagger of venom (weapon)
   (You found it on level 3 of the Dungeon)
Armour
 g - a +0 robe (worn)
Jewellery
 j - the amulet "Todeh" (around neck) {Gourm MP+9 Dex+4 Stlth+}
   (You found it on level 4 of the Dungeon)

   [amulet of the gourmand]

   It allows you to eat raw meat even when not hungry.
   It affects your dexterity (+4).
   It affects your magic capacity (+9).
   It makes you more stealthy.
Wands
 d - a wand of enslavement (13)
Scrolls
 f - 2 scrolls of amnesia
 h - a scroll of fear
 i - a scroll of identify
 k - a scroll of blinking {unknown}
Potions
 e - a potion of flight
Books
 b - a book of Necromancy

   Spells                             Type                      Level
   a - Pain                           Necromancy                   1
   b - Animate Skeleton               Necromancy                   1
   c - Vampiric Draining              Necromancy                   3
   d - Regeneration                   Charms/Necromancy            3
   e - Animate Dead                   Necromancy                   4
   f - Borgnjor's Vile Clutch         Necromancy/Earth             5
Comestibles
 c - 4 rations


   Skills:
 + Level 1.0 Fighting
 + Level 1.0 Short Blades
 + Level 1.0 Long Blades
 + Level 1.0 Axes
 + Level 1.0 Maces & Flails
 + Level 1.0 Polearms
 + Level 1.0 Staves
 + Level 1.0 Slings
 + Level 1.0 Bows
 + Level 1.0 Crossbows
 + Level 1.0 Throwing
 + Level 1.0 Armour
 + Level 4.6 Dodging
 + Level 4.2 Stealth
 + Level 1.0 Shields
 + Level 1.0 Unarmed Combat
 + Level 5.0 Spellcasting
 + Level 0.7 Conjurations
 + Level 0.7 Hexes
 + Level 0.7 Charms
 + Level 0.7 Summonings
 + Level 7.1 Necromancy
 + Level 0.7 Translocations
 + Level 0.7 Transmutations
 + Level 0.7 Fire Magic
 + Level 0.7 Ice Magic
 + Level 0.7 Air Magic
 + Level 0.7 Earth Magic
 + Level 0.7 Poison Magic
 + Level 1.1 Invocations
 + Level 1.0 Evocations


You had 6 spell levels left.
You knew the following spells:

 Your Spells              Type           Power        Failure   Level  Hunger
a - Pain                  Necr           ####         1%          1    None
d - Vampiric Draining     Necr           ####......   1%          3    ##.....
r - Regeneration          Chrm/Necr      ###.......   8%          3    ##.....


Dungeon Overview and Level Annotations

Branches:
Dungeon (5/15)             Temple (0/1) D:5

Altars:
Cheibriados
Elyvilon
Qazlal
Vehumet
Wu Jian


Innate Abilities, Weirdness & Mutations

Your experience applies equally to all skills.
You have very sharp teeth.
Your uncanny sense of smell can sniff out nearby items.


Message History

You feel a craving for the dungeon's cuisine.
You feel your magic capacity increase.
You feel agile.
j - the amulet "Todeh" (around neck) {Gourm MP+9 Dex+4 Stlth+}
There is a stone staircase leading down here.
You climb downwards.
A leopard gecko comes into view.
Found seven items.
Found a stone staircase leading down.
There is a stone staircase leading up here.
Found a stone staircase leading up.
You see here a scroll labeled HONUGO EPT.
k - a scroll labeled HONUGO EPT
There is a stone staircase leading up here.
Found a staircase to the Ecumenical Temple.
There is a stone staircase leading down here.
You see here a ring mail.
You see here a ration.
c - 4 rations (gained 1)
A worm comes into view.
A quokka comes into view.
There is a stone staircase leading up here.
You climb upwards.
Found a stone staircase leading up.
There is a stone staircase leading down here.
Unknown command.
Found a dagger.
An iguana and 2 jackals come into view.
A jackal comes into view.
There is a stone staircase leading up here.
You climb upwards.
There is a stone staircase leading down here.
Unknown command.
You climb downwards.
The iguana hisses angrily.
A jackal comes into view.
There is a stone staircase leading up here.
You hit the jackal but do no damage.
The jackal is poisoned.
The jackal barely misses you.
The jackal barks!
The jackal misses you.
You hit the jackal.
The jackal looks even sicker.
The jackal is moderately wounded.
The jackal misses you.
The jackal bites you but does no damage.
The jackal completely misses you.
You kill the jackal!
Cheibriados thoroughly appreciates the change of pace.
The jackal misses you.
There is a stone staircase leading down here.
The jackal completely misses you. The jackal bites you. The jackal misses you.
The jackal completely misses you. The jackal barely misses you. x2
You closely miss the jackal. The jackal closely misses you.
The jackal bites you but does no damage.
You barely miss the jackal. You bite the jackal, but do no damage.
The jackal closely misses you. The jackal misses you.
The jackal closely misses you.
You barely miss the jackal. You punch the jackal.
The jackal is moderately wounded.
The jackal barely misses you. x2; The jackal misses you.
You hit the jackal.
The jackal is heavily wounded.
The jackal barely misses you. The jackal closely misses you.
You closely miss the jackal.
The jackal is heavily wounded.
The jackal misses you. The jackal closely misses you.
The jackal barely misses you.
You hit the jackal.
You kill the jackal!
Cheibriados thoroughly appreciates the change of pace.
The jackal completely misses you.
You barely miss the iguana. The iguana bites you! The jackal misses you.
Unknown command.
Casting: Pain
Confirm with . or Enter, or press ? or * to list all spells.
Your skin crawls.
The jackal completely misses you. The iguana closely misses you.
Unknown command.
You hit the iguana.
The iguana is moderately wounded.
Your skin is crawling a little less now.
The jackal barely misses you. The iguana barely misses you.
The jackal barely misses you.
You hit the iguana but do no damage.
The iguana is poisoned.
Your bite misses the iguana.
The iguana is moderately wounded.
The iguana misses you. The jackal closely misses you.
You barely miss the jackal. The jackal barely misses you. The iguana bites you!
* * * LOW HITPOINT WARNING * * *
You hit the iguana.
The iguana looks as sick as possible!
You bite the iguana, but do no damage.
The iguana is heavily wounded.
The jackal barely misses you. The iguana bites you.
* * * LOW HITPOINT WARNING * * *
Okay, then.
You hit the iguana.
The iguana looks as sick as possible!
The iguana is severely wounded.
The jackal bites you but does no damage.
The iguana bites you!
You die...

##.. #####...# #).. #. #..†##..#
.#.... #. #.#.#.#..# ......# ..
#.#...# .......## #.#.#.#.#.#
.......<####### #.##...##.##
..........>...#######..#####..>#
.............hlh!.##............
......#########@.......<........
...... ###..>....######.. ......
##....### ##. ..... ###### #
...##


You could see an iguana and 2 jackals.

Vanquished Creatures
  2 adders
  A worm (D:4)
  2 dart slugs (D:2)
  2 leopard geckos
  A ball python (D:2)
  2 bats (D:2)
  3 giant cockroaches
  5 goblins
  A hobgoblin (D:1)
  7 jackals
  4 kobolds
  5 rats
35 creatures vanquished.

Notes
Turn   | Place    | Note
-------+----------+-------------------------------------------
     0 | D:1      | tidbits the Gnoll Necromancer began the quest for the Orb.
     0 | D:1      | Reached XP level 1. HP: 13/13 MP: 6/6
    46 | D:2      | Reached XP level 2. HP: 14/19 MP: 2/7
   165 | D:2      | Found an ornate altar of the Wu Jian Council.
   243 | D:1      | Reached XP level 3. HP: 6/25 MP: 6/9
   248 | D:1      | Learned a level 3 spell: Regeneration
   252 | D:1      | Learned a level 3 spell: Vampiric Draining
   308 | D:2      | Found a snail-covered altar of Cheibriados.
   316 | D:2      | Became a worshipper of Cheibriados the Contemplative
   323 | D:2      | Reached skill level 5 in Spellcasting
   352 | D:2      | Found a radiant altar of Vehumet.
   367 | D:3      | Reached skill level 1 in Invocations
   438 | D:2      | Found a white marble altar of Elyvilon.
   448 | D:3      | Found a stormy altar of Qazlal.
   583 | D:4      | Reached skill level 1 in Fighting
   583 | D:4      | Reached skill level 1 in Short Blades
   583 | D:4      | Reached skill level 1 in Long Blades
   583 | D:4      | Reached skill level 1 in Axes
   583 | D:4      | Reached skill level 1 in Maces & Flails
   583 | D:4      | Reached skill level 1 in Polearms
   583 | D:4      | Reached skill level 1 in Staves
   583 | D:4      | Reached skill level 1 in Slings
   583 | D:4      | Reached skill level 1 in Bows
   583 | D:4      | Reached skill level 1 in Crossbows
   583 | D:4      | Reached skill level 1 in Throwing
   583 | D:4      | Reached skill level 1 in Armour
   583 | D:4      | Reached skill level 1 in Shields
   583 | D:4      | Reached skill level 1 in Unarmed Combat
   583 | D:4      | Reached skill level 1 in Evocations
   586 | D:4      | Reached XP level 4. HP: 24/32 MP: 9/11
   590 | D:4      | Got a sparkling sapphire amulet
   591 | D:4      | Identified the amulet "Todeh" {Gourm MP+9 Dex+4 Stlth+} (You found it on level 4 of the Dungeon)
   600 | D:5      | Entered Level 5 of the Dungeon
   604 | D:5      | Found a staircase to the Ecumenical Temple.
   652 | D:4      | Slain by an iguana

Skill      XL: |  1  2  3 |
---------------+----------+-----
Spellcasting   | 5 |  5.0
Invocations    | 1 |  1.1
Fighting       | 1 |  1.0
Short Blades   | 1 |  1.0
Long Blades    | 1 |  1.0
Axes           | 1 |  1.0
Maces & Flails | 1 |  1.0
Polearms       | 1 |  1.0
Staves         | 1 |  1.0
Slings         | 1 |  1.0
Bows           | 1 |  1.0
Crossbows      | 1 |  1.0
Throwing       | 1 |  1.0
Armour         | 1 |  1.0
Shields        | 1 |  1.0
Unarmed Combat | 1 |  1.0
Evocations     | 1 |  1.0
Dodging        | |  4.6
Stealth        | |  4.2
Conjurations   | |  0.7
Hexes          | |  0.7
Charms         | |  0.7
Summonings     | |  0.7
Necromancy     | |  7.1
Translocations | |  0.7
Transmutations | |  0.7
Fire Magic     | |  0.7
Ice Magic      | |  0.7
Air Magic      | |  0.7
Earth Magic    | |  0.7
Poison Magic   | |  0.7

Action                   |  1- 3 |  4- 6 || total
-------------------------+-------+-------++-------
Melee: Dagger            |    12 |    14 ||    26
       Bite              |     3 |     2 ||     5
       Punch             |       |     1 ||     1
 Cast: Pain              |    39 |     1 ||    40
       Regeneration      |     3 |     1 ||     4
  Use: Scroll            |     4 |       ||     4
       Potion            |     1 |       ||     1
 Stab: Sleeping          |     1 |       ||     1
Armor: Robe              |     4 |     3 ||     7
Dodge: Dodged            |    19 |    33 ||    52

Table legend:
 A = Turns spent in this place as a percentage of turns spent in the entire game.
 B = Non-inter-level travel turns spent in this place as a percentage of non-inter-level travel turns spent in the entire game.
 C = Inter-level travel turns spent in this place as a percentage of turns spent in this place.
 D = Turns resting spent in this place as a percentage of non-inter-level travel turns spent in this place.
 E = Turns spent auto-exploring this place as a percentage of non-inter-level travel turns spent in this place.
 F = Non-inter-level travel turns spent in this place divided by the number of levels of this place that you've seen.
                   A       B       C       D       E      F
               +-------+-------+-------+-------+-------+----------------------
         Total | 100.0 | 100.0 |   0.0 |   0.0 |   0.0 | 130.4
       Dungeon | 100.0 | 100.0 |   0.0 |   0.0 |   0.0 | 130.4
               +-------+-------+-------+-------+-------+----------------------

Table legend:
 A = Kills in this place as a percentage of kills in entire the game.
 B = Kills by you in this place as a percentage of kills by you in the entire game.
 C = Kills by friends in this place as a percentage of kills by friends in the entire game.
 D = Other kills in this place as a percentage of other kills in the entire game.
 E = Experience gained in this place as a percentage of experience gained in the entire game.
 F = Experience gained in this place divided by the number of levels of this place that you have seen.
                   A       B       C       D       E      F
               +-------+-------+-------+-------+-------+----------------------
         Total | 100.0 | 100.0 |   N/A |   N/A | 100.0 |  19.0
       Dungeon | 100.0 | 100.0 |   N/A |   N/A | 100.0 |  19.0
               +-------+-------+-------+-------+-------+----------------------

Vault maps used:
D:1:      dpeg_arrival_houses_and_road, nemelex_diamond_rough_becter
D:2:      lemuel_round_altar, lemuel_crystal_altar, lemuel_doored_altar,
          nicolae_overflow_hidden_temple
D:3:      nicolae_qazlal_general_emergency, yredelemnul_altar_generic,
          fedhas_altar_3
D:4:      first_ration, minmay_checkerbox
D:5:      led_sif_book, minmay_temple_entry_trees, uniq_blork_the_orc
